 Dungeon Crawl Stone Soup version 0.31-a0-263-ge8cad7f256 (webtiles) character file.

Game seed: 12810627242339130038

363 qw the Shooter (level 6, -1/52 HPs)
             Began as a Minotaur Hexslinger on July 13, 2023.
             Slain by Pikel
             ... wielding a +2 whip of flaming
              (2 damage)
             ... on level 4 of the Dungeon.
             The game lasted 00:01:19 (2993 turns).

qw the Shooter (Minotaur Hexslinger)                Turns: 2993, Time: 00:01:19

Health: -1/52      AC:  6    Str:  9 (12) XL:     6   Next: 39%
Magic:  6/6        EV: 10    Int:  8 (10) God:
Gold:   186        SH:  0    Dex: 13 (15) Spells: 6/7 levels left

rFire   . . .        Y - +0 shortbow
rCold   . . .        (shield currently unavailable)
rNeg    . . .        g - +0 ring mail
rPois   .            (helmet restricted)
rElec   .            (no cloak)
rCorr   .            i - +0 pair of gloves
SInv    .            (no boots)
Will    .....        (no amulet)
Stlth   +            (no ring)
HPRegen 0.28/turn    (no ring)
MPRegen 0.10/turn

%: no passive effects
@: about to teleport
A: horns 2, retaliatory headbutt
a: no special abilities


You were on level 4 of the Dungeon.
You visited 1 branch of the dungeon, and saw 4 of its levels.

You collected 186 gold pieces.


Innate Abilities, Weirdness & Mutations

You have a pair of horns on your head.
You reflexively headbutt those who attack you in melee.


   Skills:
 - Level 4.1 Fighting
 + Level 5.7 Ranged Weapons
 - Level 3.1 Armour
 - Level 2.1 Dodging
 - Level 1.0 Spellcasting
 - Level 2.0 Hexes


You had 6 spell levels left.
You knew the following spells:

 Your Spells              Type           Power      Damage    Failure   Level
a - Slow                  Hex            12%        N/A       41%         1

Your spell library contained the following spells:

 Spells                   Type           Power      Damage    Failure   Level
 Inner Flame              Hex/Fire       2%         N/A       90%         3
 Portal Projectile        Hex/Tloc       4%         N/A       90%         3
 Cause Fear               Hex            1%         N/A       99%         4

Inventory:

Hand Weapons
 Y - a +0 shortbow (weapon)
Armour
 g - a +0 ring mail (worn)
 i - a +0 pair of gloves (worn)
Scrolls
 a - 2 scrolls of teleportation
Potions
 b - 2 potions of lignification {unknown}
 c - a potion of brilliance {unknown}
 d - a potion of might {unknown}
 e - a potion of curing {unknown}
 f - a potion of haste {unknown}

Dungeon Overview and Level Annotations

Branches:
Dungeon (4/15)
 Temple: D:4-7

Altars:
Makhleb

Shops:
D:4 *

Annotations:
D:4 Pikel


Message History

Pikel burns you.
You shoot an arrow. The arrow barely misses Pikel.
The arrow closely misses the lemure.
The arrow barely misses the lemure.
The arrow hits the lemure.
The lemure is moderately wounded.
Pikel barely misses you. You furiously retaliate!
You headbutt Pikel. You shoot an arrow. The arrow hits Pikel.
Pikel is moderately wounded.
Pikel hits you with a +2 whip of flaming.
Pikel burns you.
Pikel hits you with a +2 whip of flaming.
Pikel burns you.
You shoot an arrow. The arrow barely misses Pikel.
The arrow barely misses the lemure.
The arrow closely misses the lemure.
The arrow hits the lemure.
The lemure is moderately wounded.
Pikel hits you with a +2 whip of flaming!
Pikel burns you.
You shoot an arrow. The arrow barely misses Pikel.
The arrow hits the lemure.
The lemure is moderately wounded.
Pikel hits you with a +2 whip of flaming.
Pikel burns you.
You shoot an arrow. The arrow closely misses Pikel.
The arrow hits the lemure!
The lemure is heavily wounded.
Pikel misses you. You furiously retaliate!
You headbutt Pikel! You shoot an arrow. The arrow closely misses Pikel.
The arrow hits the lemure.
The lemure is heavily wounded.
Pikel closely misses you. You furiously retaliate!
You headbutt Pikel!
Pikel hits you with a +2 whip of flaming.
Pikel burns you.
2992 ||| READING 3 scrolls of teleportation.
As you read the scroll of teleportation, it crumbles to dust.
You feel strangely unstable.
Pikel hits you with a +2 whip of flaming.
Pikel burns you.
You shoot an arrow. The arrow hits Pikel.
Pikel is severely wounded.
Pikel hits you with a +2 whip of flaming.
Pikel burns you.
You die...

#...........#
#...........#
#...........#
###...........#
..............#
###...........#
#.............#
>..###################..
................@K5555..
..######################
..###### .......#
+#####.# ...# #.# ...#
#.# ...###.###
.........#


You could see Pikel and 4 lemures.

Vanquished Creatures
  An ogre (D:4)
  A bullfrog (D:3)
  A hound (D:4)
  2 sleepcaps (D:4)
  Jessica (D:2)
  A gnoll (D:1)
  3 worms (D:2)
  2 dart slugs
  2 orcs (D:3)
  5 bats
  10 endoplasms
  A giant cockroach (D:3)
  7 goblins
  7 hobgoblins
  12 jackals
  3 kobolds
  5 quokkas
  6 ball pythons
  2 frilled lizards (D:3)
  8 rats
80 creatures vanquished.

Notes
Turn   | Place    | Note
-------+----------+-------------------------------------------
     0 | D:1      | qw the Minotaur Hexslinger began the quest for the Orb.
     0 | D:1      | Reached XP level 1. HP: 16/16 MP: 1/1
     0 | D:1      | 0 ||| qw: Version: 0.3-a-52-g30416fa
     0 | D:1      | 0 ||| qw: Game counter: 7443
     0 | D:1      | 0 ||| qw: Melee chars always use a shield: true
     0 | D:1      | 0 ||| qw: God list: Okawaru
     0 | D:1      | 0 ||| qw: Allow faded altars: false
     0 | D:1      | 0 ||| qw: Do Orc after clearing Dungeon:15 true
     0 | D:1      | 0 ||| qw: Do second Lair branch before Depths: true
     0 | D:1      | 0 ||| qw: Lair rune preference: random
     0 | D:1      | 0 ||| qw: Goals: Normal
     0 | D:1      | 0 ||| PLANNING D:1-11
    86 | D:1      | Reached skill level 3 in Ranged Weapons
    91 | D:1      | Reached XP level 2. HP: 18/23 MP: 2/2
    94 | D:1      | 94 ||| FLEEEEING.
    95 | D:1      | 95 ||| FLEEEEING.
    96 | D:1      | 96 ||| FLEEEEING.
    97 | D:1      | 97 ||| FLEEEEING.
    98 | D:1      | 98 ||| FLEEEEING.
    99 | D:1      | 99 ||| FLEEEEING.
   202 | D:1      | Found a faded altar of an unknown god.
   325 | D:1      | Reached XP level 3. HP: 22/29 MP: 3/3
   325 | D:1      | 325 ||| FLEEEEING.
   326 | D:1      | 326 ||| FLEEEEING.
   327 | D:1      | 327 ||| FLEEEEING.
   328 | D:1      | 328 ||| FLEEEEING.
   329 | D:1      | 329 ||| FLEEEEING.
   330 | D:1      | 330 ||| FLEEEEING.
   549 | D:1      | 549 ||| DROPPING scroll of poison.
   606 | D:2      | Reached skill level 4 in Ranged Weapons
  1399 | D:2      | Found a burning altar of Makhleb.
  1544 | D:2      | Noticed Jessica
  1550 | D:2      | Killed Jessica
  1551 | D:2      | Reached XP level 4. HP: 36/36 MP: 4/4
  1615 | D:2      | 1615 ||| UPGRADING to +0 leather armour.
  1625 | D:2      | 1625 ||| DROPPING +0 robe.
  1626 | D:2      | 1626 ||| READING scroll labelled XEIDUKHEPHERIR.
  1629 | D:2      | 1629 ||| READING scroll labelled MIRIPIXIHO.
  1630 | D:2      | 1630 ||| READING scroll labelled PUPOCEF ACUTH.
  1631 | D:2      | 1631 ||| READING scroll labelled CADIALE FANKA.
  1632 | D:2      | 1632 ||| DRINKING 2 lumpy grey potions.
  1633 | D:2      | 1633 ||| DROPPING potion of invisibility.
  1675 | D:3      | 1675 ||| STAIRDANCE
  1680 | D:2      | Reached skill level 5 in Ranged Weapons
  1824 | D:3      | 1824 ||| SWAPPING to +0 shortbow.
  1825 | D:3      | 1825 ||| DROPPING +2 sling.
  2283 | D:3      | Noticed a bullfrog
  2290 | D:3      | Killed a bullfrog
  2291 | D:3      | Reached XP level 5. HP: 32/46 MP: 5/5
  2381 | D:3      | 2381 ||| UPGRADING to +0 ring mail.
  2391 | D:3      | 2391 ||| DROPPING +0 leather armour.
  2392 | D:3      | 2392 ||| READING scroll labelled SUABEF UDITOV.
  2462 | D:4      | Noticed an ogre
  2469 | D:4      | Killed an ogre
  2470 | D:4      | Reached skill level 3 in Armour
  2470 | D:4      | Reached XP level 6. HP: 52/52 MP: 6/6
  2651 | D:4      | Found Jaff's Elemental Accessories.
  2678 | D:4      | 2678 ||| FLEEEEING.
  2679 | D:4      | 2679 ||| FLEEEEING.
  2680 | D:4      | 2680 ||| FLEEEEING.
  2681 | D:4      | 2681 ||| FLEEEEING.
  2690 | D:4      | 2690 ||| STAIRDANCE
  2717 | D:3      | 2717 ||| UPGRADING to +0 pair of gloves.
  2722 | D:3      | 2722 ||| READING scroll labelled JAL LONENWEPIYGYM.
  2723 | D:3      | 2723 ||| READING scroll labelled NAJEQA JOCKOASIST.
  2724 | D:3      | 2724 ||| DRINKING 2 viscous purple potions.
  2725 | D:3      | 2725 ||| DROPPING potion of degeneration.
  2977 | D:4      | Noticed Pikel
  2991 | D:4      | HP: 12/52 [Pikel/+2 whip of flaming (4)]
  2992 | D:4      | 2992 ||| READING 3 scrolls of teleportation.
  2992 | D:4      | HP: 5/52 [Pikel/+2 whip of flaming (2)]
  2993 | D:4      | HP: 1/52 [Pikel/+2 whip of flaming (4)]
  2993 | D:4      | Slain by Pikel

Levels and vault maps discovered:
D:1:      minmay_arrival_shattered_statue, layout_rooms,
          shapermc_ecumenical_altar_notcrosses, st_stairs_2
D:2:      minmay_spotlight, layout_basic, basic_altar, serial_corexii_hall,
          chequers_hall_statues_corner_a, corexii_hall_statues_i,
          corexii_hall_statues_l, corexii_hall_statues_i,
          corexii_hall_statues_l, corexii_hall_statues_i, uniq_jessica
D:3:      layout_loops_ring
D:4:      layout_basic, nicolae_elemental_shop, grunt_decor_mini_mirrors,
          uniq_menkaure, uniq_pikel

Skill      XL: |  1  2  3  4  5 |
---------------+----------------+-----
Ranged Weapons | 3 4 5 |  5.7
Fighting       | 2 4 |  4.1
Armour         | 3 |  3.1
Dodging        | |  2.1
Spellcasting   | |  1.0
Hexes          | |  2.0

Action                     |  1- 3 |  4- 6 || total
---------------------------+-------+-------++-------
   Fire: Sling             |   137 |    32 ||   169
         Shortbow          |       |   129 ||   129
    Use: Scroll            |       |     8 ||     8
         Potion            |       |     2 ||     2
 Armour: Robe              |     7 |       ||     7
         Leather armour    |       |     4 ||     4
         Ring mail         |       |     7 ||     7
  Dodge: Dodged            |    24 |    58 ||    82

Table legend:
 A = Non-vault XP
 B = Vault XP
 C = Vault XP percentage of total XP
 D = Non-vault monster count
 E = Vault monster count
 F = Vault count percentage of total count
                 A         B        C        D         E       F
            +---------+---------+-------+---------+---------+-------
      Total |     454 |      65 |  12.5 |      70 |      10 |  12.5
            +---------+---------+-------+---------+---------+-------
        D:1 |      42 |      19 |  31.1 |      23 |       4 |  14.8
        D:2 |      28 |      46 |  62.2 |      12 |       6 |  33.3
        D:3 |     128 |       0 |   0.0 |      24 |       0 |   0.0
        D:4 |     256 |       0 |   0.0 |      11 |       0 |   0.0
            +---------+---------+-------+---------+---------+-------
